 Dungeon Crawl Stone Soup version 0.32-a0-30-gefbe487952 (webtiles) character file.

Game seed: 17177341596870435116

11 inmateoo the Shield-Bearer (level 2, 0/27 HPs)
             Began as a Minotaur Fighter on Jan 19, 2024.
             Succumbed to a goblin's poison
             ... on level 1 of the Dungeon.
             The game lasted 00:00:15 (158 turns).

inmateoo the Shield-Bearer (Minotaur Fighter)        Turns: 158, Time: 00:00:15

Health: 0/27       AC:  7    Str: 20    XL:     2   Next: 17%
Magic:  1/1        EV:  9    Int:  5    God:
Gold:   33         SH:  4    Dex:  9    Spells: 1/1 levels left

rFire   . . .        a - +0 war axe
rCold   . . .        c - +0 buckler
rNeg    . . .        b - +0 scale mail
rPois   .            (helmet restricted)
rElec   .            (no cloak)
rCorr   .            (no gloves)
SInv    .            (no boots)
Will    .....        (no amulet) Stlth
                     (no ring)
HPRegen 0.24/turn    (no ring)
MPRegen 0.07/turn

%: no passive effects
@: lethally poisoned (0 -> -4)
A: horns 2, retaliatory headbutt
a: no special abilities


You were on level 1 of the Dungeon.
You visited 1 branch of the dungeon, and saw 1 of its levels.

You collected 33 gold pieces.

Inventory:

Hand Weapons
 a - a +0 war axe (weapon)
Armour
 b - a +0 scale mail (worn)
 c - a +0 buckler (worn)
Scrolls
 e - a scroll of identify {unknown}
Potions
 d - a potion of might


   Skills:
 + Level 3.8 Fighting
 * Level 2.8 Axes
 + Level 3.7 Armour
 + Level 0.6 Dodging
 + Level 3.8 Shields


You had one spell level left.
You didn't know any spells.
Your spell library was empty.

Dungeon Overview and Level Annotations

Branches:
Dungeon (1/15)

Altars:


Innate Abilities, Weirdness & Mutations

You have a pair of horns on your head.
You reflexively headbutt those who attack you in melee.


Message History

You barely miss the goblin.
You headbutt the goblin, but do no damage.
The goblin hits you with a +1 dagger of venom.
You are poisoned.
There are monsters nearby!
There are monsters nearby!
You closely miss the goblin.
You feel very sick. The goblin hits you but does no damage.
You are more poisoned.
There are monsters nearby!
You closely miss the goblin.
You feel very sick. The goblin hits you but does no damage.
You are lethally poisoned!
You block the goblin's attack.
There is a lethal amount of poison in your body!
You slash the goblin!
You kill the goblin!
You feel very sick. The quokka barely misses you. You furiously retaliate!
You headbutt the quokka!
You kill the quokka!
There is a lethal amount of poison in your body!
You are too injured to fight recklessly!
You are too injured to fight recklessly!
Found a potion of might.
* * * LOW HITPOINT WARNING * * *
You feel very sick.
Things that are here:
a +1 dagger of venom; a quokka corpse; a goblin corpse
Okay, then.
* * * LOW HITPOINT WARNING * * *
You feel very sick.
* * * LOW HITPOINT WARNING * * *
You feel sick.
* * * LOW HITPOINT WARNING * * *
You feel sick.
* * * LOW HITPOINT WARNING * * *
You feel sick.
You die...

.. ... #... .. .... #.. ..#
....# #.. .#. #...#. #.#
#.. #...#... #.# #
...#.#.#.... #)# .#
..#...#......#.######.#
.#.<...#.#...#........#
..#.....#......#@#..### #
...#...#.....#......## .###
#.....##(....#.#.#...##....
.#...#..#... #...........#
..#.#....#..
###.#...##.####
...#......#. #.#.........#
....#..[...#
#.###.###########
............ #.#
#>......†...#
###.############.#
###########.#


There were no monsters in sight!

Vanquished Creatures
  A giant cockroach (D:1)
  4 jackals (D:1)
  A kobold (D:1)
  A quokka (D:1)
  A frilled lizard (D:1)
  A goblin (D:1)
  A rat (D:1)
10 creatures vanquished.

Notes
Turn   | Place    | Note
-------+----------+-------------------------------------------
     0 | D:1      | inmateoo the Minotaur Fighter began the quest for the Orb.
     0 | D:1      | Reached XP level 1. HP: 19/19 MP: 0/0
    31 | D:1      | Reached XP level 2. HP: 27/27 MP: 1/1
   156 | D:1      | HP: 1/27 [poisoned by a goblin]
   158 | D:1      | Succumbed to a goblin's poison

Illustrated notes

Levels and vault maps discovered:
D:1:      matt_arrival_diagonals, layout_basic

Action                     || total
---------------------------++-------
  Melee: War axe           ||    16
         Headbutt          ||     1
 Armour: Scale mail        ||     7
  Dodge: Dodged            ||    14
  Block: Buckler           ||     2

Table legend: (Time is in decaauts)
 A = Elapsed time spent in this place.
 B = Non-inter-level travel time spent in this place.
 C = Inter-level travel time spent in this place.
 D = Time resting spent in this place.
 E = Time spent auto-exploring this place.
 F = Levels seen in this place.
 G = Mean time per level.
                   A        B        C        D        E       F      G
               +--------+--------+--------+--------+--------+-----+--------+
         Total |    164 |    164 |      0 |      0 |    119 |   1 |  164.0 |
       Dungeon |    164 |    164 |      0 |      0 |    119 |   1 |  164.0 |
               +--------+--------+--------+--------+--------+-----+--------+

Top non-repeatable levels by time:
     D:1: 164 daAuts
